 Dungeon Crawl Stone Soup version 0.28-a0-1624-g820543e53a (webtiles) character file.

Game seed: 2892959627827157883

53 frimble the Cutter (level 3, -2/27 HPs)
             Began as a Demonspawn Warper on Jan 23, 2022.
             Slain by an orc (3 damage)
             ... on level 4 of the Dungeon.
             The game lasted 00:02:37 (2470 turns).

frimble the Cutter (Demonspawn Warper)              Turns: 2470, Time: 00:02:37

Health: -2/27      AC:  4    Str: 11    XL:     3   Next: 62%
Magic:  4/6        EV: 11    Int: 16    God:
Gold:   104        SH:  0    Dex: 12    Spells: 4/6 levels left

rFire   . . .      SeeInvis .   a - +0 short sword
rCold   . . .      Faith    .   (no shield)
rNeg    . . .      Spirit   .   b - +0 leather armour
rPois   .          Reflect  .   (helmet restricted)
rElec   .          Harm     .   m - +0 cloak
rCorr   .          Rampage  .   (no gloves)
Will    .....                   (no boots)
Stlth   +.........              i - amulet of magic regeneration
HPRegen 0.09/turn               (no ring)
MPRegen 0.50/turn               (no ring)

@: very slightly contaminated
A: horns 1, demonic magic 1
a: no special abilities


You were on level 4 of the Dungeon.
You visited 1 branch of the dungeon, and saw 4 of its levels.

You collected 104 gold pieces.

Inventory:

Hand Weapons
 a - a +0 short sword (weapon)
Missiles
 d - 5 boomerangs of dispersal (quivered)
Armour
 b - a +0 leather armour (worn)
 m - a +0 cloak (worn)
Jewellery
 i - an amulet of magic regeneration (around neck)
Scrolls
 c - a scroll of blinking
 n - a scroll of teleportation
Potions
 e - a potion of mutation
 f - a potion of berserk rage {unknown}
 g - a potion of magic {unknown}
 h - a potion of haste {unknown}
 j - a potion of curing {unknown}
 k - 2 potions of invisibility
 l - a potion of degeneration {unknown}


   Skills:
 - Level 2.0 Fighting
 + Level 3.4 Short Blades
 - Level 0.8 Throwing
 - Level 0.8 Armour
 - Level 1.7 Dodging
 - Level 2.0 Spellcasting
 + Level 2.9 Translocations


You had 4 spell levels left.
You knew the following spells:

 Your Spells              Type           Power      Damage    Failure   Level
a - Blink                 Tloc           22%        N/A       12%         2

Your spell library contained the following spells:

 Spells                   Type           Power      Damage    Failure   Level
 Gell's Gravitas          Tloc           11%        N/A       24%         3
 Lesser Beckoning         Tloc           11%        N/A       24%         3
 Teleport Other           Tloc           11%        N/A       24%         3
 Manifold Assault         Tloc           11%        N/A       92%         5


Dungeon Overview and Level Annotations

Branches:
Dungeon (4/15)
 Temple: D:4-7

Altars:

Annotations:
D:3 Terence
D:4 Menkaure


Innate Abilities, Weirdness & Mutations

You have a pair of small horns on your head.
Spells you cast may paralyse adjacent enemies.


Message History

You blink.
Found a stone staircase leading up.
Malevolent energies surge around you.
The orc suddenly stops moving!
The orc hits you with a +0 club.
The helpless orc fails to defend itself.
You puncture the orc!
The orc is almost dead.
The quokka bites you but does no damage.
The orc barely misses you.
The helpless orc fails to defend itself.
You puncture the orc!
You kill the orc!
The quokka barely misses you. The orc hits you with a +0 club.
Found a stone staircase leading down.
Found 8 gold pieces.
Found a stone staircase leading down.
The quokka bites you but does no damage.
An ufetubus comes into view.
The ufetubus shouts!
You feel stable enough to blink again. The ufetubus closely misses you.
The ufetubus hits you.
Found a fizzy orange potion.
The ufetubus barely misses you. The ufetubus hits you.
* * * LOW HITPOINT WARNING * * *
The quokka bites you.
* * * LOW HITPOINT WARNING * * *
The ufetubus barely misses you. The ufetubus hits you.
* * * LOW HITPOINT WARNING * * *
There is a stone staircase leading up here.
Okay, then.
Unknown command.
Okay, then.
Casting: Blink (safe; 12% risk of failure)
Confirm with . or Enter, or press ? or * to list all spells.
You miscast Blink.
You are very lightly contaminated with residual magic.
Nothing appears to happen.
The ufetubus barely misses you.
The ufetubus hits you but does no damage.
The quokka closely misses you. The ufetubus closely misses you.
The ufetubus hits you but does no damage.
The orc hits you with a +0 club.
You die...

############
####.....#.....
...#............
.................
.................
........>........
..........>...... #
.........@......#
.##.
.......5ro.....#
...#####...........#
......###..........#
#....?...........#
#.........#####..#
#.......)...# ...
#.........#..$# .!
#..)......###.#


You could see an orc, an ufetubus and a quokka.

Vanquished Creatures
  An adder (D:2)
  A worm (D:2)
  An orc (D:4)
  3 endoplasms (D:1)
  4 goblins
  4 hobgoblins
  2 jackals (D:2)
  3 quokkas
  2 ball pythons
  7 bats
  5 frilled lizards
  3 kobolds
  2 rats (D:3)
38 creatures vanquished.

Notes
Turn   | Place    | Note
-------+----------+-------------------------------------------
     0 | D:1      | frimble the Demonspawn Warper began the quest for the Orb.
     0 | D:1      | Reached XP level 1. HP: 16/16 MP: 3/3
     1 | D:1      | Noticed an orb of fire
     2 | D:1      | Noticed a large abomination
     2 | D:1      | Noticed a shadow dragon
     4 | D:1      | Noticed an ice dragon
     7 | D:1      | Noticed a large abomination
     8 | D:1      | Noticed an ice dragon
     9 | D:1      | Noticed a green draconian
    11 | D:1      | Noticed a tentacled monstrosity
    13 | D:1      | Noticed a large abomination
    15 | D:1      | Noticed a large abomination
    15 | D:1      | Noticed a shadow dragon
    15 | D:1      | Noticed a green draconian
    17 | D:1      | Noticed a tentacled monstrosity
    17 | D:1      | Noticed a tentacled monstrosity
    19 | D:1      | Noticed an orb of fire
    76 | D:1      | Found a faded altar of an unknown god.
    82 | D:1      | Reached skill level 2 in Short Blades
   564 | D:1      | Gained mutation: You have a pair of small horns on your
                  | head. [demonic ancestry]
   564 | D:1      | Reached XP level 2. HP: 15/22 MP: 5/5
  1016 | D:2      | Reached skill level 3 in Short Blades
  1127 | D:2      | Gained mutation: Spells you cast may paralyse adjacent
                  | enemies. [demonic ancestry]
  1127 | D:2      | Reached XP level 3. HP: 17/27 MP: 6/6
  1132 | D:2      | Learned a level 2 spell: Blink
  2011 | D:3      | Noticed Terence
  2411 | D:4      | Noticed Menkaure
  2469 | D:4      | HP: 1/27 [ufetubus (1)]
  2470 | D:4      | Slain by an orc

Illustrated notes

Levels and vault maps discovered:
D:1:      shiori_arrival_whats_in_store_for_you, layout_basic,
          hellmonk_ecumenical_altar_crossroads
D:2:      layout_basic
D:3:      layout_rooms, fedhas_altar_fruit_tree, nrook_loot_triangle,
          uniq_terence
D:4:      minmay_octagon_keep, layout_rooms, nicolae_dithmenos_the_darkroom,
          temple_doors_e, biasface_ghost_orc_armoury, hex_medium, uniq_menkaure

Skill      XL: |  1  2 |
---------------+-------+-----
Short Blades   | 2 3 |  3.4
Fighting       | |  2.0
Throwing       | |  0.8
Armour         | |  0.8
Dodging        | |  1.7
Spellcasting   | |  2.0
Translocations | |  2.9

Action                   || total
-------------------------++-------
Melee: Short sword       ||   114
       Headbutt          ||    18
       Punch             ||     1
 Cast: Blink             ||     6
  Use: Scroll            ||     3
 Stab: Sleeping          ||     1
       Paralysed         ||     2
Armor: Leather armour    ||    36
Dodge: Dodged            ||    75

Table legend: (Time is in decaauts)
 A = Elapsed time spent in this place.
 B = Non-inter-level travel time spent in this place.
 C = Inter-level travel time spent in this place.
 D = Time resting spent in this place.
 E = Time spent auto-exploring this place.
 F = Levels seen in this place.
 G = Mean time per level.
                   A        B        C        D        E       F      G
               +--------+--------+--------+--------+--------+-----+--------+
         Total |   2468 |   2425 |     43 |    237 |   1789 |   4 |  617.0 |
       Dungeon |   2468 |   2425 |     43 |    237 |   1789 |   4 |  617.0 |
               +--------+--------+--------+--------+--------+-----+--------+

Top non-repeatable levels by time:
     D:1: 1058 daAuts
     D:2: 932 daAuts
     D:3: 463 daAuts
     D:4: 14 daAuts
